 Dungeon Crawl Stone Soup version 0.29.1-12-g30fa7ad0bf (webtiles) character file.

Game seed: 7051427148600168976

3658 concernfroge the Fighter (level 9, -2/78 HPs)
             Began as a Mummy Monk on Dec 23, 2022.
             Was a Believer of Qazlal.
             Slain by a vampire (7 damage)
             ... on level 8 of the Dungeon.
             The game lasted 00:27:17 (9533 turns).

concernfroge the Fighter (Mummy Monk)               Turns: 9533, Time: 00:27:17

Health: -2/78      AC:  6    Str: 24    XL:     9   Next: 88%
Magic:  16/16      EV: 12    Int:  9    God:    Qazlal [**....]
Gold:   359        SH:  3    Dex: 15    Spells: 18/18 levels left

rFire   . . .      SeeInvis .   a - +0 halberd (protect)
rCold   + . .      Faith    .   (shield currently unavailable)
rNeg    + + +      Spirit   .   k - +1 leather armour {rF+}
rPois   ∞          Reflect  .   (no helmet)
rElec   .          Harm     .   j - +0 cloak
rCorr   .          Rampage  .   n - +0 pair of gloves
Will    +....                   (no boots)
Stlth   +.........              c - amulet of the acrobat
HPRegen 0.23/turn               t - +6 ring of strength
MPRegen 0.15/turn               (no ring)

@: no status effects
A: cold resistance 1, negative energy resistance 3, torment resistance 2, heat
vulnerability 1, in touch with death 1, no potions
a: Renounce Religion, Upheaval


You were on level 8 of the Dungeon.
You worshipped Qazlal.
Qazlal was pleased with you.
You visited 1 branch of the dungeon, and saw 8 of its levels.

You collected 359 gold pieces.

Inventory:

Hand Weapons
 a - a +0 halberd of protection (weapon)
 b - a +2 vorpal hand axe
 v - a +1 trident of venom
Missiles
 f - 22 poisoned darts
 g - 42 stones (quivered)
 l - 2 boomerangs of dispersal
 m - 5 atropa-tipped darts
 q - 2 throwing nets
 r - 3 curare-tipped darts
Armour
 j - a +0 cloak (worn)
 k - a +1 leather armour of fire resistance (worn)
 n - a +0 pair of gloves (worn)
Jewellery
 c - an amulet of the acrobat (around neck)
 t - a +6 ring of strength (left hand)
Wands
 i - a wand of light (2)
 s - a wand of charming (8)
Scrolls
 d - 2 scrolls of amnesia
 e - a scroll of butterflies
 h - a scroll of identify
 o - 3 scrolls of poison
 p - a scroll of vulnerability
 u - a scroll of magic mapping


   Skills:
 - Level 10.0 Fighting
 + Level 4.2 Polearms
 - Level 2.4 Dodging
 - Level 1.5 Stealth
 - Level 5.0 Spellcasting
 - Level 8.0 Invocations


You had 18 spell levels left.
You didn't know any spells.
Your spell library contained the following spells:

 Spells                   Type           Power      Damage    Failure   Level
 Freeze                   Ice            8%         1d3       28%         1
 Magic Dart               Conj           8%         1d3       28%         1
 Searing Ray              Conj           4%         2d4       38%         2
 Confusing Touch          Hex            2%         N/A       63%         3
 Frozen Ramparts          Ice            4%         1d1       63%         3
 Fulminant Prism          Conj/Hex       1%         3d6       95%         4
 Hailstorm                Conj/Ice       2%         3d3       95%         4
 Yara's Violent Unravell  Hex/Tmut       1%         3d3       100%        5
 Enfeeble                 Hex            1%         N/A       100%        7


Dungeon Overview and Level Annotations

Branches:
Dungeon (8/15)             Temple (0/1) D:6
   Lair: D:8-11

Altars:
Dithmenos
Makhleb
Qazlal
Ru
Sif Muna
Trog

Annotations:
D:2 1 runed translucent door, Crazy Yiuf
D:3 Sigmund
D:6 exclusion: oklob sapling


Innate Abilities, Weirdness & Mutations

You are immune to poison.
Your flesh is cold resistant. (rC+)
You are immune to negative energy. (rN+++)
You are immune to unholy pain and torment.
You are vulnerable to heat. (rF-)
You are in touch with the powers of death.
You do not drink.


Message History

The sky beast shocks you. Something hits you. You block something's attack.
You closely miss the sky beast.
The sky beast is moderately wounded.
The sky beast completely misses you. Something hits you! Something bites you.
Okay, then.
Aiming: Bolt of Light
Press: ? - help, Shift-Dir - straight line The bolt of light hits something.
Something hits you but does no damage. Something bites you.
The sky beast barely misses you.
Okay, then.
Aiming: Bolt of Light
Press: ? - help, Shift-Dir - straight line The bolt of light hits the sky beast!!
The sky beast is almost dead.
The sky beast is blinded.
Something hits you! Something bites you. The sky beast hits you.
* * * LOW HITPOINT WARNING * * *
The sky beast shocks you.
* * * LOW HITPOINT WARNING * * *
Aiming: Bolt of Light
Press: ? - help, Shift-Dir - straight line The sky beast misses you.
You hit the sky beast.
Your weapon exudes an aura of protection.
You kill the sky beast!
Qazlal accepts your kill.
Aiming: Bolt of Light
Press: ? - help, Shift-Dir - straight line The bolt of light hits something!
Something hits you.
* * * LOW HITPOINT WARNING * * *
Something bites you but does no damage.
Aiming: Bolt of Light
Press: ? - help, Shift-Dir - straight line The bolt of light hits something.
Something hits you but does no damage. Something bites you!
* * * LOW HITPOINT WARNING * * *
Aiming: Bolt of Light
Press: ? - help, Shift-Dir - straight line The bolt of light hits something.
Something hits you!
You die...

K..... ......
#Y..<.. # .K.....
### ##. ....... #..
#.. .......
###.##.######)......
#.......#..@).....?.
#.........{###.#..##
#.........## ...
#......##.# .. ..#
#....#..#.##... ...
####..).#...... ..
####)....... .
#..........
#)#.##.....


There were no monsters in sight!

Vanquished Creatures
  Eustachio (D:5)
  2 water moccasins
  4 black bears
  A sky beast (D:8)
  2 ogres
  2 centaurs (D:7)
  2 phantoms
  3 bullfrogs (D:7)
  3 kobold brigands
  A gnoll sergeant (D:5)
  2 necrophages
  3 scorpions (D:5)
  10 wights
  2 howler monkeys
  3 gnoll boudas
  6 hounds
  3 orc priests
  3 jellies
  7 iguanas
  2 orc wizards
  9 adders
  19 gnolls
  2 shadow imps
  A white imp (D:5)
  2 ufetubi
  A worm (D:5)
  10 orcs
  8 endoplasms
  7 goblins
  2 hobgoblins
  11 jackals
  23 kobolds
  5 quokkas
  7 ball pythons
  6 bats
  2 frilled lizards
  4 rats
181 creatures vanquished.

Vanquished Creatures (others)
  13 plants
13 creatures vanquished.

Grand Total: 194 creatures vanquished

Notes
Turn   | Place    | Note
-------+----------+-------------------------------------------
     0 | D:1      | concernfroge the Mummy Monk began the quest for the Orb.
     0 | D:1      | Reached XP level 1. HP: 18/18 MP: 1/1
   131 | D:1      | Found a faded altar of an unknown god.
   149 | D:1      | Prayed at the altar of an unknown god.
   149 | D:1      | Became a worshipper of Qazlal Stormbringer
   149 | D:1      | Reached * piety under Qazlal
   149 | D:1      | Reached ** piety under Qazlal
   220 | D:1      | Reached *** piety under Qazlal
   362 | D:1      | Reached XP level 2. HP: 15/24 MP: 2/2
   493 | D:1      | Reached skill level 1 in Invocations
   999 | D:2      | Gained mutation: You are in touch with the powers of death.
                  | [Mummy growth]
   999 | D:2      | Reached XP level 3. HP: 30/30 MP: 4/4
  1371 | D:2      | Found a runed translucent door.
  1372 | D:2      | Noticed Crazy Yiuf
  1434 | D:2      | Found a bloodstained altar of Trog.
  1957 | D:3      | Reached skill level 4 in Fighting
  2088 | D:3      | Reached XP level 4. HP: 34/37 MP: 5/5
  2113 | D:3      | Found a stormy altar of Qazlal.
  2211 | D:3      | Noticed Sigmund
  3182 | D:4      | Noticed a black bear
  3192 | D:4      | Killed a black bear
  3193 | D:4      | Reached skill level 5 in Fighting
  3193 | D:4      | Reached XP level 5. HP: 32/44 MP: 4/7
  3500 | D:4      | Reached XP level 6. HP: 39/51 MP: 1/8
  3623 | D:4      | Found a burning altar of Makhleb.
  3719 | D:4      | Found a bloodstained altar of Trog.
  3862 | D:4      | Reached skill level 6 in Fighting
  3875 | D:4      | Reached XP level 7. HP: 58/58 MP: 4/10
  4058 | D:4      | Reached skill level 1 in Spellcasting
  4515 | D:5      | Entered Level 5 of the Dungeon
  4556 | D:5      | Reached skill level 5 in Invocations
  4650 | D:5      | Noticed Eustachio
  4661 | D:5      | Killed Eustachio
  4973 | D:5      | Reached XP level 8. HP: 45/65 MP: 3/12
  4974 | D:5      | Reached skill level 7 in Fighting
  5319 | D:5      | Found a sacrificial altar of Ru.
  6025 | D:5      | Reached skill level 5 in Spellcasting
  6522 | D:5      | Reached skill level 8 in Fighting
  7709 | D:6      | Reached XP level 9. HP: 49/75 MP: 16/16
  7899 | D:6      | Found a shimmering blue altar of Sif Muna.
  8098 | D:6      | Found a staircase to the Ecumenical Temple.
  8463 | D:7      | Reached skill level 9 in Fighting
  8989 | D:7      | Found a shadowy altar of Dithmenos.
  9031 | D:7      | Reached skill level 10 in Fighting
  9533 | D:8      | Slain by a vampire

Illustrated notes

Levels and vault maps discovered:
D:1:      minmay_arrival_checkered_box, layout_rooms,
          hellmonk_ecumenical_altar_leap_of_faith, nrook_mini_backslash,
          st_stairs_10, nicolae_concentric_dashed_squares_mild,
          minmay_misc_feat_hallway
D:2:      layout_loops_ring, basic_altar, serial_bayou_pond_e,
          minmay_misc_feat_enclosed, uniq_crazy_yiuf_cottage
D:3:      layout_basic, elyvilon_altar_4,
          mainiacjoe_overflow_concentric_impassable, serial_bayou,
          serial_bayou_pond_c, serial_bayou_ford_a, serial_bayou_pond_b,
          serial_bayou_lagoon_a, uniq_sigmund
D:4:      layout_loops_corners, trog_ov_bears_minmay, kennysheep_little_box
D:5:      layout_layer_cave, nicolae_ru_great_annihilating_truth,
          minmay_pentangle, uniq_eustachio
D:6:      layout_rooms, led_sif_pool, minmay_temple_entry_oklob
D:7:      layout_loops_ring, grunt_dithmenos_smoke_and_mirrors
D:8:      layout_rooms, tso_metal_star, nicolae_figureground_pulse

Skill      XL: |  1  2  3  4  5  6  7  8  9 |
---------------+----------------------------+-----
Invocations    | 1 2 3 4 5 6 8 |  8.0
Fighting       | 4 5 6 8 10 | 10.0
Spellcasting   | 3 5 |  5.0
Polearms       | 4 |  4.2
Dodging        | |  2.4
Stealth        | |  1.5

Action                   |  1- 3 |  4- 6 |  7- 9 || total
-------------------------+-------+-------+-------++-------
Melee: Spear             |    70 |       |       ||    70
       Hand axe          |       |    52 |   141 ||   193
       Punch             |       |       |     3 ||     3
       Halberd           |       |       |   216 ||   216
 Fire: Sling             |    69 |    29 |       ||    98
Throw: Dart              |       |     7 |    41 ||    48
       Stone             |       |       |    10 ||    10
Invok: Upheaval          |       |     9 |    18 ||    27
Evoke: Wand              |       |       |     9 ||     9
  Use: Scroll            |       |     4 |     8 ||    12
 Stab: Invisible         |       |       |     1 ||     1
Armor: Robe              |     3 |       |       ||     3
       Leather armour    |     3 |       |   104 ||   107
       Ring mail         |    12 |    15 |       ||    27
       Scale mail        |       |    12 |     5 ||    17
       Skin              |       |       |    10 ||    10
Dodge: Dodged            |    37 |    35 |   224 ||   296
Block: Other             |    15 |    13 |    47 ||    75
